 Dungeon Crawl Stone Soup version 0.29.1-15-g9cfb28693d (webtiles) character file.

Game seed: 16063278815638225857

107 javelincjr the Trooper (level 4, -4/35 HPs)
             Began as a Demonspawn Abyssal Knight on Mar 23, 2023.
             Was a Believer of Lugonu.
             Slain by a kobold brigand
             ... wielding a +0 short sword
              (6 damage)
             ... on level 3 of the Dungeon.
             The game lasted 00:06:38 (3490 turns).

javelincjr the Trooper (Demonspawn Abyssal Knight)  Turns: 3490, Time: 00:06:38

Health: -4/35      AC:  4    Str: 14    XL:     4   Next: 57%
Magic:  6/6        EV: 11    Int: 13    God:    Lugonu [**....]
Gold:   98         SH:  4    Dex: 13    Spells: 5/5 levels left

rFire   . . .      SeeInvis .   o - +3 dagger (venom)
rCold   . . .      Faith    .   (no shield)
rNeg    . . .      Spirit   .   b - +0 leather armour
rPois   .          Reflect  .   (no helmet)
rElec   .          Harm     .   (no cloak)
rCorr   .          Rampage  .   d - +0 pair of gloves
Will    .....                   (no boots)
Stlth   +.........              (no amulet)
HPRegen 0.11/turn               (no ring)
MPRegen 0.10/turn               (no ring)

@: no status effects
A: large bone plates 1
a: Renounce Religion, Depart the Abyss, Bend Space


You were on level 3 of the Dungeon.
You worshipped Lugonu.
Lugonu was pleased with you.
You visited 1 branch of the dungeon, and saw 3 of its levels.
You visited the Abyss 1 time.

You collected 98 gold pieces.

Inventory:

Hand Weapons
 a - a +1 hand axe
 o - a +3 dagger of venom (weapon)
 p - a +0 war axe
Armour
 b - a +0 leather armour (worn)
 d - a +0 pair of gloves (worn)
Wands
 s - a wand of polymorph (2)
Scrolls
 e - a scroll of silence {unknown}
 f - a scroll of enchant armour {unknown}
 h - a scroll of amnesia {unknown}
 i - a scroll of immolation {unknown}
 j - a scroll of acquirement {unknown}
 k - a scroll of identify {unknown}
 l - 2 scrolls of vulnerability {unknown}
 m - a scroll of enchant weapon {unknown}
 n - 2 scrolls of teleportation {unknown}
 q - a scroll of poison {unknown}
 r - a scroll of butterflies {unknown}
Potions
 c - 2 potions of lignification {unknown}
 g - a potion of flight {unknown}


   Skills:
 + Level 3.5 Fighting
 + Level 2.4 Axes
 + Level 2.4 Armour
 + Level 1.6 Dodging
 + Level 1.1 Spellcasting
 + Level 3.4 Invocations


You had 5 spell levels left.
You didn't know any spells.
Your spell library contained the following spells:

 Spells                   Type           Power      Damage    Failure   Level
 Static Discharge         Conj/Air       0%         3-3/arc   45%         2
 Sublimation of Blood     Necr           0%         N/A       45%         2
 Wereblood                Tmut           0%         N/A       45%         2
 Lightning Bolt           Conj/Air       0%         1d11      100%        5
 Summon Hydra             Summ           0%         N/A       100%        7
 Maxwell's Capacitive Co  Air            0%         ∞         100%        8


Dungeon Overview and Level Annotations

Branches:
Dungeon (3/15)

Altars:
Fedhas
Qazlal

Annotations:
D:3 Terence


Innate Abilities, Weirdness & Mutations

You are partially covered in large bone plates. (SH +4)


Message History

There is an open door here.
You open the door.
There is an open door here.
You open the door.
There is an open door here.
You open the door.
A goblin comes into view. It is wielding a +0 club.
There is an open door here.
The goblin hits you but does no damage.
You hit the goblin.
You kill the goblin!
Lugonu accepts your kill.
No target in view!
You open the door.
There is an open door here.
There is an open door here.
A kobold brigand comes into view.
It is wielding a +0 short sword and quivering poisoned darts.
The kobold brigand throws a poisoned dart.
The poisoned dart completely misses you.
Terence the Incautious comes into view.
He is wielding a +0 flail and carrying a wand of light (4).
The kobold brigand throws a poisoned dart.
The poisoned dart barely misses you. Terence screams, "I want your blood!"
Terence zaps a wand.
The bolt of light hits you!
You are confused.
You are too confused!
You bump into the rock wall.
You are too confused!
You miss the kobold brigand.
The kobold brigand completely misses you.
Terence zaps a wand.
The bolt of light hits you!!
Ouch! That really hurt!
* * * LOW HITPOINT WARNING * * *
You bump into the rock wall.
You feel less confused. You block the kobold brigand's attack.
You hit the kobold brigand.
The kobold brigand is lightly wounded.
The kobold brigand hits you with a +0 short sword.
You die...

# #. #.##..#.......#.
##.#.##.##..#.......#.
#.....)..'..'###'###'.
#.#......#..#.'...'.#. .
# #..##.##..#.#...#.#.
..#.#.. #..'##+.#._.#.+#
....... #.##..#.#...#.#.
#.#....##..#..#.+...+.#.
#.....K@...+..+###+###+.
####..@#####..#.......#.
.....#. #..#.......#.
.... .. ###+###'###'#
### #.. ## #..###^# ...
.. #.###... ##.#
##.#.###.## #.
#....)...## #........##


You could see a kobold brigand and Terence.

Vanquished Creatures
  Ijyb (D:3)
  3 adders
  5 orcs (D:3)
  5 endoplasms
  A giant cockroach (D:1)
  10 hobgoblins
  5 kobolds
  A quokka (D:1)
  A ball python (D:1)
  3 bats
  6 frilled lizards
  4 goblins
  5 rats
50 creatures vanquished.

Vanquished Creatures (others)
  9 plants (D:2)
  4 toadstools (D:1)
13 creatures vanquished.

Grand Total: 63 creatures vanquished

Notes
Turn   | Place    | Note
-------+----------+-------------------------------------------
     0 | Abyss:1  | javelincjr the Demonspawn Abyssal Knight began the quest
                  | for the Orb.
     0 | Abyss:1  | Reached XP level 1. HP: 18/18 MP: 2/2
   104 | Abyss:2  | Noticed a large abomination
   132 | Abyss:2  | Noticed a large abomination
   137 | Abyss:2  | Noticed a thrashing horror
   139 | Abyss:2  | Noticed a large abomination
   141 | Abyss:2  | Noticed a small abomination
   142 | D:1      | Escaped the Abyss
   470 | D:1      | Reached skill level 1 in Dodging
   647 | D:1      | Gained mutation: You are partially covered in large bone
                  | plates. (SH +4) [demonic ancestry]
   647 | D:1      | Reached XP level 2. HP: 21/24 MP: 4/4
  1820 | D:2      | Reached XP level 3. HP: 22/29 MP: 5/5
  2485 | D:3      | Found a blossoming altar of Fedhas.
  2668 | D:3      | Found a stormy altar of Qazlal.
  2913 | D:3      | Found a faded altar of an unknown god.
  2983 | D:3      | Reached XP level 4. HP: 20/35 MP: 6/6
  3298 | D:3      | Noticed Ijyb
  3354 | D:3      | Killed Ijyb
  3355 | D:3      | Reached skill level 1 in Spellcasting
  3484 | D:3      | Noticed a kobold brigand
  3486 | D:3      | Noticed Terence
  3488 | D:3      | HP: 1/35 [Terence/bolt of light (19)]
  3490 | D:3      | Slain by a kobold brigand

Illustrated notes

Levels and vault maps discovered:
D:1:      ldierk_walled_garden_2, layout_loops_cross
D:2:      layout_basic, serial_bayou_pond_c
D:3:      layout_loops_cross, mainiacjoe_overflow_24_doors, fedhas_altar_1,
          hellmonk_ecumenical_altar_defaced_shrine, uniq_ijyb, uniq_terence

Skill      XL: |  1  2  3  4 |
---------------+-------------+-----
Dodging        | 1 |  1.6
Axes           | 2 |  2.4
Armour         | 2 |  2.4
Invocations    | 3 |  3.4
Spellcasting   | 1 |  1.1
Fighting       | |  3.5

Action                   |  1- 3 |  4- 6 || total
-------------------------+-------+-------++-------
Melee: Hand axe          |   123 |       ||   123
       Dagger            |    33 |    36 ||    69
       Punch             |     1 |       ||     1
       Unarmed           |       |     2 ||     2
Invok: Depart the Abyss  |     1 |       ||     1
Armor: Leather armour    |    34 |     4 ||    38
       Skin              |       |     7 ||     7
Dodge: Dodged            |    76 |     7 ||    83
Block: Other             |    35 |     4 ||    39
